Map: Ascension to Aiur LE

Players

Stats - Winner!

  • Race: Protoss Protoss
  • Spawn Location: 5:00

Rogue

  • Race: Zerg Zerg
  • Spawn Location: 11:00

VOD

Have the link to the VOD?

Description

Time

  • Played on: July 27, 2017, 12:38 a.m.
  • Length: 21:00
Show
View Real Time Build Order
Export as new Build Order

Stats Protoss - Winner!

Build Orders: Nexus First, Zealot Archon, Dark Templar Rush 

Get SALT Encoding   

  12  0:00  Probe (Chrono Boost)  
  13  0:11  Probe (Chrono Boost)  
  14  0:17  Pylon  
  14  0:22  Probe (Chrono Boost)  
  15  0:35  Probe (Chrono Boost)  
  16  0:46  Probe (Chrono Boost)  
  17  0:57  Nexus  
  17  1:06  Gateway  
  17  1:09  Probe (Chrono Boost)  
  18  1:16  Assimilator  
  18  1:20  Probe (Chrono Boost)  
  18  1:23  Assimilator  
  19  1:30  Probe (Chrono Boost)  
  20  1:37  Gateway  
  20  1:41  Probe (Chrono Boost)  
  21  1:51  Probe (Chrono Boost)  
  21  1:54  Cybernetics Core  
  22  2:02  Probe (Chrono Boost)  
  23  2:09  Zealot (Chrono Boost), Probe (Chrono Boost)  
  23  2:13  Probe (Chrono Boost)  
  23  2:14  Pylon  
  27  2:19  Probe (Chrono Boost)  
  28  2:23  Probe (Chrono Boost)  
  28  2:28  Probe (Chrono Boost)  
  30  2:31  Stalker (Chrono Boost)  
  30  2:34  Warp Gate  
  30  2:36  Probe  
  33  2:38  Probe  
  34  2:47  Twilight Council  
  34  2:49  Probe (Chrono Boost)  
  34  2:50  Probe (Chrono Boost)  
  36  3:01  Probe (Chrono Boost)  
  36  3:02  Probe (Chrono Boost)  
  38  3:06  Robotics Facility  
  38  3:11  Probe (Chrono Boost)  
  40  3:13  Probe (Chrono Boost)  
  40  3:15  Pylon  
  40  3:22  Mothership Core (Chrono Boost)  
  40  3:23  Probe (Chrono Boost)  
  43  3:32  Dark Shrine  
  43  3:34  Probe (Chrono Boost)  
  44  3:40  Probe (Chrono Boost)  
  45  3:44  Gateway  
  45  3:46  Gateway  
  45  3:47  Probe (Chrono Boost)  
  46  3:51  Probe (Chrono Boost)  
  46  3:52  Assimilator  
  47  3:57  Warp Prism (Chrono Boost), Assimilator  
  47  3:59  Probe  
  47  4:02  Probe  
  51  4:03  Pylon  
  51  4:07  Pylon  
  51  4:09  Probe  
  51  4:14  Probe  
  53  4:21  Pylon  
  53  4:29  Observer (Chrono Boost)  
  54  4:33  Probe  
  54  4:34  Probe  
  56  4:43  Probe  
  57  4:46  Probe  
  57  4:50  Dark Templar  
  57  4:51  Dark Templar x3  
  66  4:56  Pylon  
  66  4:58  Archon x2  
  66  5:01  Immortal (Chrono Boost), Probe  
  66  5:03  Probe  
  72  5:07  Pylon  
  72  5:11  Nexus  
  72  5:14  Pylon  
  72  5:27  Sentry x2  
  72  5:28  Zealot, Sentry  
  78  5:29  Probe  
  78  5:31  Probe  
  78  5:32  Pylon  
  78  5:35  Immortal (Chrono Boost)  
  86  5:45  Gateway  
  86  5:47  Gateway  
  86  5:59  Gateway  
  86  6:00  Charge (Chrono Boost)  
  86  6:01  Gateway  
  86  6:02  Sentry  
  86  6:03  Zealot x2  
  92  6:06  Zealot  
  92  6:22  Probe x3  
  95  6:31  Zealot x2, Sentry  
  95  6:32  Zealot  
  103  6:36  Probe x2  
  103  6:37  Probe  
  105  6:43  Forge  
  105  6:45  Templar Archives  
  105  6:51  Pylon  
  105  6:55  Dark Templar x2  
  105  6:56  Zealot x5  
  105  6:58  Zealot  
  121  7:03  Observer  
  122  7:09  Probe  
  122  7:10  Probe x2  
  125  7:17  Zealot x2  
  125  7:18  Zealot x2  
  125  7:22  Zealot  
  125  7:23  Zealot  
  125  7:24  Protoss Ground Weapons Level 1 (Chrono Boost)  
  125  7:27  Zealot x2  
  119  7:36  Immortal (Chrono Boost)  
  93  7:49  Probe  
  93  7:50  Probe x2  
  80  7:51  Zealot, Sentry x2  
  80  7:52  Zealot x2, Assimilator  
  80  7:53  Assimilator  
  90  8:07  Warp Prism (Chrono Boost)  
  90  8:11  Zealot, High Templar x2  
  94  8:14  Psionic Storm  
  94  8:15  Robotics Facility  
  94  8:17  Probe x3  
  97  8:23  Zealot x5  
  107  8:31  Pylon  
  107  8:34  Zealot, Pylon  
  109  8:48  Immortal (Chrono Boost)  
  109  8:49  High Templar x2  
  109  8:52  Zealot x5  
  127  8:57  Photon Cannon  
  127  8:58  Photon Cannon  
  127  8:59  Photon Cannon  
  127  9:06  Immortal (Chrono Boost)  
  128  9:30  Protoss Ground Weapons Level 2, Pylon, Immortal (Chrono Boost)  
  126  9:31  Nexus  
  126  9:38  High Templar x3  
  126  9:39  High Templar  
  126  9:40  Pylon  
  126  9:41  Pylon  
  126  9:42  Archon  
  126  9:43  Archon  
  126  9:45  Zealot x4  
  142  9:59  Immortal (Chrono Boost)  
  146  10:00  Stargate  
  146  10:05  Photon Cannon  
  146  10:06  Photon Cannon  
  147  10:07  Probe x2  
  147  10:08  Probe  
  149  10:20  Warp Prism (Chrono Boost)  
  149  10:21  Probe x3  
  149  10:26  Assimilator  
  152  10:30  Assimilator  
  152  10:39  High Templar x2  
  152  10:40  Zealot x4, High Templar x2  
  169  10:43  Observer (Chrono Boost)  
  169  10:45  Archon  
  169  10:46  Archon  
  167  10:50  Oracle  
  164  11:08  Immortal x2 (Chrono Boost)  
  164  11:10  Zealot x3  
  164  11:11  Zealot  
  178  11:23  Zealot x4  
  186  11:28  Fleet Beacon  
  186  11:32  Stargate  
  186  11:34  Pylon  
  186  11:35  Pylon  
  162  11:48  Zealot x5  
  154  12:08  Zealot x6  
  160  12:09  Zealot x2  
  170  12:17  Tempest  
  165  12:41  Zealot  
  165  12:42  Zealot x7  
  152  13:04  Dark Templar x2  
  156  13:12  Nexus  
  146  13:14  Pylon, Templar Archives  
  146  13:26  Protoss Ground Weapons Level 3, Zealot x6  
  156  13:42  Tempest  
  156  13:47  Stargate  
  168  13:49  Stargate  
  168  13:52  Zealot x2  
  164  14:17  Nexus  
  162  14:21  Pylon  
  162  14:25  High Templar  
  162  14:26  High Templar x3  
  162  14:28  High Templar x2, Assimilator x2  
  174  14:32  Archon  
  174  14:42  Tempest x2  
  184  15:10  Tempest  
  187  15:21  Pylon  
  187  15:25  Tempest, Photon Cannon  
  187  15:27  Photon Cannon  
  193  15:28  Photon Cannon  
  193  15:30  Photon Cannon  
  193  15:31  Mothership Core  
  193  15:32  Photon Cannon  
  187  15:37  Archon  
  183  15:46  Oracle  
  183  15:48  Protoss Air Weapons Level 1 (Chrono Boost)  
  186  15:55  Protoss Shields Level 1, Photon Cannon  
  192  15:57  Photon Cannon  
  192  16:10  Void Ray  
  192  16:11  Void Ray  
  196  16:22  Void Ray  
  200  16:29  Photon Cannon  
  200  16:47  Nexus  
  200  16:48  Pylon  
  192  17:12  Photon Cannon x2  
  192  17:13  Pylon  
  190  17:16  Observer (Chrono Boost)  
  190  17:19  Photon Cannon  
  190  17:20  High Templar, Photon Cannon  
  190  17:21  Zealot, High Templar  
  190  17:22  Photon Cannon  
  197  17:23  Photon Cannon  
  197  17:25  Protoss Air Weapons Level 2 (Chrono Boost), Photon Cannon  
  197  17:28  Assimilator  
  197  17:33  Assimilator  
  193  18:00  High Templar  
  193  18:01  High Templar  
  159  18:14  Protoss Shields Level 2  
  159  18:15  Void Ray x3 (Chrono Boost)  
  159  18:22  Zealot x2, High Templar x4  
  171  18:36  High Templar x2  
  171  18:37  Immortal  
  179  18:49  Archon  
  179  18:50  Archon  
  179  18:51  Archon  
  179  18:56  Void Ray x3 (Chrono Boost)  
  183  19:11  Nexus  
  183  19:13  Pylon  
  183  19:16  High Templar x6  
  195  19:17  Zealot x2  
  195  19:20  Archon x2  
  195  19:21  Archon  
  199  19:29  Photon Cannon  
  199  19:31  Photon Cannon  
  199  19:40  Photon Cannon  
  199  19:41  Photon Cannon  
  199  19:43  Photon Cannon  
  199  19:45  Photon Cannon  
  199  19:47  Assimilator  
  199  19:51  Assimilator  
  199  20:02  Photon Cannon  
  199  20:05  Photon Cannon  
  199  20:07  Photon Cannon  
  199  20:09  Pylon  
  199  20:27  Stargate  
  199  20:28  Stargate  
  199  20:31  Stargate  
  191  20:39  High Templar x3  
  191  20:42  High Templar  
  195  20:51  Dark Templar  
Show
View Real Time Build Order
Export as new Build Order

Rogue Zerg 

Build Orders: Hatch First, Lurkers 

Get SALT Encoding   

  12  0:00  Drone  
  13  0:11  Overlord  
  13  0:17  Drone  
  14  0:30  Drone x2  
  16  0:49  Hatchery  
  15  0:51  Drone  
  15  0:55  Drone  
  17  0:58  Drone  
  18  1:09  Extractor  
  17  1:14  Spawning Pool  
  17  1:16  Drone  
  17  1:19  Drone  
  18  1:27  Drone  
  19  1:38  Overlord  
  19  1:50  Drone  
  20  2:00  Queen x2  
  24  2:01  Zergling x4  
  26  2:09  Metabolic Boost  
  26  2:10  Drone  
  26  2:13  Drone  
  28  2:21  Drone  
  29  2:23  Drone  
  30  2:34  Drone x2  
  32  2:42  Hatchery  
  31  2:46  Pneumatized Carapace  
  31  2:50  Drone  
  32  2:52  Drone  
  32  2:57  Overlord  
  33  3:01  Drone  
  34  3:05  Drone  
  34  3:06  Drone  
  36  3:15  Drone x5  
  36  3:17  Drone  
  42  3:23  Overlord  
  42  3:25  Drone  
  43  3:36  Drone  
  44  3:44  Lair  
  44  3:46  Queen  
  46  3:48  Extractor x2  
  46  3:51  Drone x5  
  46  3:55  Drone  
  50  3:56  Queen  
  50  3:57  Overlord  
  50  4:02  Drone  
  53  4:09  Drone  
  55  4:10  Drone x2  
  55  4:15  Drone x3  
  59  4:17  Overlord  
  59  4:18  Drone x3  
  59  4:20  Drone  
  63  4:26  Queen, Overlord  
  63  4:29  Drone  
  66  4:37  Zergling x4  
  66  4:38  Zergling x2  
  69  4:43  Overseer  
  69  4:45  Drone  
  70  4:46  Hydralisk Den, Zergling x2  
  70  4:47  Zergling x6  
  70  4:50  Overseer, Zergling x6  
  76  4:55  Evolution Chamber, Overlord  
  76  4:56  Zergling x6  
  77  5:00  Overlord  
  77  5:08  Extractor  
  74  5:25  Hydralisk  
  74  5:26  Hydralisk x8  
  89  5:31  Drone x4  
  89  5:32  Drone  
  89  5:34  Extractor  
  93  5:38  Overlord  
  93  5:40  Overlord  
  93  5:43  Overlord  
  88  5:57  Hydralisk x5  
  98  6:11  Drone x7  
  99  6:14  Drone x3  
  105  6:18  Zerg Missile Weapons Level 1  
  105  6:25  Extractor  
  104  6:26  Muscular Augments  
  104  6:27  Hatchery, Hydralisk x3  
  108  6:34  Hydralisk x2  
  108  6:36  Zergling x2  
  113  6:40  Spine Crawler  
  113  6:41  Drone  
  113  6:42  Overlord x2  
  113  6:43  Overlord  
  113  6:48  Spine Crawler  
  113  6:51  Hydralisk  
  114  7:00  Overlord  
  114  7:01  Hydralisk x5  
  124  7:09  Hydralisk x3  
  124  7:11  Zergling x4  
  124  7:14  Zergling x4  
  134  7:18  Zergling x2  
  134  7:19  Zergling x2  
  134  7:22  Zergling x8  
  115  7:25  Zergling x2  
  115  7:28  Zergling x2  
  105  7:36  Hydralisk  
  91  7:38  Zergling x2  
  78  7:50  Drone x4  
  82  7:52  Lurker Den  
  82  7:53  Drone x2  
  82  7:56  Drone  
  85  7:58  Drone x2  
  85  8:02  Drone  
  85  8:05  Drone x2  
  90  8:06  Drone  
  90  8:13  Drone x5  
  95  8:20  Extractor  
  95  8:22  Queen  
  96  8:28  Drone  
  96  8:29  Drone x3  
  100  8:34  Drone x3  
  100  8:40  Hydralisk  
  105  8:50  Zerg Missile Weapons Level 2, Queen  
  105  8:51  Queen  
  109  9:02  Hatchery  
  108  9:08  Hydralisk  
  108  9:09  Hydralisk x3  
  115  9:20  Drone  
  115  9:22  Spine Crawler  
  115  9:26  Hydralisk x6  
  125  9:33  Overlord  
  125  9:36  Hydralisk  
  125  9:37  Hydralisk x2  
  127  9:42  Drone  
  127  9:43  Drone x3  
  131  9:47  Overlord  
  131  9:50  Zergling x8  
  135  9:55  Drone  
  135  9:57  Lurker x4  
  135  9:58  Lurker  
  135  9:59  Lurker  
  141  10:10  Drone x3  
  144  10:15  Queen  
  146  10:27  Zergling x10  
  146  10:28  Zergling x24  
  163  10:34  Overlord  
  163  10:40  Overseer  
  163  10:41  Spine Crawler  
  161  10:48  Hydralisk x3  
  161  10:49  Hydralisk x3  
  173  10:53  Overlord  
  170  10:58  Lurker  
  170  10:59  Lurker x9  
  179  11:09  Zergling x2  
  179  11:10  Zergling x2, Overlord  
  181  11:15  Overlord  
  181  11:27  Hydralisk  
  181  11:28  Hydralisk x3  
  181  11:29  Overlord  
  181  11:31  Zerg Ground Armor Level 1  
  189  11:35  Overlord  
  187  11:43  Hydralisk x2  
  179  11:48  Hydralisk x5  
  179  11:52  Hydralisk  
  177  11:56  Zergling x8  
  177  11:57  Zergling x16  
  177  12:00  Drone x2  
  173  12:01  Drone x3  
  173  12:02  Extractor  
  173  12:03  Extractor  
  173  12:08  Zergling x6  
  177  12:10  Zergling x12  
  182  12:18  Zergling x2  
  182  12:19  Zergling x6  
  182  12:20  Zergling x2  
  180  12:25  Zergling x4  
  180  12:26  Zergling x2  
  180  12:28  Zergling x2  
  181  12:31  Hydralisk x2  
  181  12:35  Hydralisk x3  
  190  12:38  Zergling x2  
  190  12:39  Zergling x2  
  190  12:40  Zergling x8  
  190  12:41  Zergling x4  
  139  12:58  Hydralisk x2  
  139  12:59  Hydralisk x2  
  139  13:03  Hatchery  
  139  13:04  Hydralisk  
  139  13:05  Hydralisk  
  147  13:09  Hydralisk  
  136  13:16  Hydralisk x3  
  136  13:17  Hydralisk  
  138  13:21  Lurker x3  
  141  13:31  Lurker x4  
  145  13:38  Zerg Melee Weapons Level 1  
  145  13:39  Zergling x14, Baneling Nest  
  150  13:51  Hydralisk x3  
  150  13:52  Hydralisk x2  
  138  14:16  Drone x4  
  138  14:17  Drone  
  136  14:29  Hydralisk x7  
  150  14:37  Centrifical Hooks  
  150  14:44  Zergling x14  
  157  14:47  Baneling x3  
  156  15:03  Baneling x5  
  156  15:04  Zergling x2  
  156  15:05  Zergling x10  
  162  15:08  Hatchery  
  161  15:18  Zergling x2  
  161  15:19  Zergling x28  
  158  15:39  Hydralisk x8  
  166  15:46  Drone  
  166  15:47  Drone x7  
  170  15:50  Baneling x2  
  170  15:51  Baneling x4  
  168  15:58  Hydralisk  
  168  16:02  Baneling x11  
  168  16:04  Zerg Melee Weapons Level 2  
  168  16:10  Drone x3  
  169  16:11  Spine Crawler  
  169  16:12  Overseer  
  168  16:20  Lurker  
  168  16:23  Baneling x19  
  168  16:26  Zergling x10  
  170  16:34  Overlord x3  
  167  16:40  Spine Crawler  
  167  16:44  Baneling  
  167  16:45  Baneling x14  
  164  16:55  Zergling x2  
  164  16:56  Zergling x24  
  172  17:07  Overseer  
  172  17:17  Zergling x2  
  172  17:18  Zergling x40  
  172  17:20  Baneling  
  172  17:21  Baneling x5  
  193  17:35  Overlord  
  190  17:41  Infestation Pit, Overlord  
  189  17:45  Overlord  
  189  17:56  Baneling x10  
  189  17:57  Baneling x12  
  180  18:01  Zergling x40  
  180  18:02  Zergling x4  
  180  18:03  Zergling x2  
  180  18:05  Overlord  
  133  18:13  Hydralisk x5  
  133  18:18  Hydralisk  
  133  18:19  Hydralisk  
  129  18:22  Hydralisk  
  129  18:23  Hydralisk  
  133  18:27  Hydralisk x3  
  133  18:30  Hydralisk  
  141  18:36  Zergling x12  
  147  18:44  Hydralisk x3  
  147  18:48  Zergling x12  
  159  18:59  Hydralisk x2  
  159  19:00  Hydralisk  
  159  19:11  Hydralisk x4  
  159  19:12  Hatchery, Zergling x8  
  159  19:15  Baneling  
  159  19:16  Baneling x2  
  167  19:23  Extractor  
  166  19:34  Hydralisk x4  
  166  19:35  Hatchery, Zergling x8  
  166  19:36  Overlord  
  166  19:38  Baneling  
  177  19:42  Extractor  
  176  19:46  Baneling  
  176  19:49  Baneling x4  
  176  19:59  Baneling x4, Overlord  
  176  20:00  Overlord  
  176  20:01  Extractor  
  175  20:08  Baneling  
  175  20:09  Baneling x4, Overlord x3  
  175  20:22  Baneling x7  
  175  20:24  Zergling x20  
  182  20:35  Zergling x2  
  182  20:36  Zergling x30  
  182  20:39  Overlord x3  
Tags
 
Add a new tag
Caveats
  • Supply blocks, unpowered buildings, or Contaminate may cause inaccurate times.
  • Supply counts are checked every 10 seconds.